 Dungeon Crawl Stone Soup version 0.31-a0-426-g3a05650e59 (webtiles) character file.

Game seed: 7243610090780696875

76 floatRand the Ruffian (level 4, 0/35 HPs)
             Began as a Draconian Shapeshifter on July 31, 2023.
             Slain by a gnoll
             ... wielding a +2 spear of flaming
              (1 damage)
             ... on level 2 of the Dungeon.
             The game lasted 00:01:27 (1657 turns).

floatRand the Ruffian (Draconian Shapeshifter)      Turns: 1657, Time: 00:01:28

Health: 0/35       AC:  5    Str: 18    XL:     4   Next: 12%
Magic:  4/4        EV: 12    Int:  8    God:
Gold:   83         SH:  0    Dex: 13    Spells: 3/3 levels left

rFire   . .          .
                       - Unarmed
rCold   . . .        (no shield)
rNeg    . . .        (body armour unavailable)
rPois   .            (helmet currently unavailable)
rElec   .            (cloak currently unavailable)
rCorr   .            (gloves currently unavailable)
SInv    .            (boots currently unavailable)
Will    .....        (no amulet)
Stlth   +            (no ring)
HPRegen 0.25/turn    (no ring)
MPRegen 0.09/turn

%: no passive effects
@: beast-form
A: beast (slay +2), AC +5, unfitting armour, cold-blooded
a: Begin Untransformation


You were on level 2 of the Dungeon.
You were a hulking beast.
You visited 1 branch of the dungeon, and saw 3 of its levels.

You collected 83 gold pieces.

Inventory:

Armour
 f - a +0 cloak
 h - a +2 cloak
Talismans
 b - a beast talisman (active)
Scrolls
 c - a scroll of enchant armour {unknown}
 g - a scroll of brand weapon {unknown}
 i - 2 scrolls of silence {unknown}
Potions
 a - a potion of lignification
 d - a potion of heal wounds {unknown}
 e - 3 potions of curing {unknown}


   Skills:
 - Level 1.1 Fighting
 - Level 1.7 Dodging
 * Level 4.4 Unarmed Combat
 + Level 3.5 Shapeshifting


You had 3 spell levels left.
You didn't know any spells.
Your spell library contained the following spells:

 Spells                   Type           Power      Damage    Failure   Level
 Dazzling Flash           Conj/Hex       0%         N/A       78%         3
 Volatile Blastmotes      Fire/Tloc      0%         2d10      78%         3
 Starburst                Conj/Fire      0%         6d3       100%        6
 Maxwell's Capacitive Co  Air            0%         ∞         100%        8


Dungeon Overview and Level Annotations

Branches:
Dungeon (3/15)

Altars:


Innate Abilities, Weirdness & Mutations

You are a hulking beast.
Your limbs bulge with bestial killing power. (Slay +2)
Your plain brown scales are hard. (AC +5)
You cannot fit into any form of body armour.
You are cold-blooded and may be slowed by cold attacks.


Message History

The gnoll hits you but does no damage.
The gnoll throws a throwing net.
The throwing net hits you.
You become entangled in the net!
You stop ascending the stairs.
Unknown command.
Unknown command.
You struggle against the net.
The gnoll completely misses you.
Unknown command.
You struggle against the net.
The gnoll closely misses you.
The gnoll hits you from afar with a +0 halberd.
The orc hits you but does no damage.
Unknown command.
Unknown command.
You struggle against the net.
The gnoll hits you with a +2 spear of flaming.
The gnoll burns you.
The gnoll hits you from afar with a +0 halberd.
The orc hits you from afar with a +0 trident.
Unknown command.
You struggle against the net.
The gnoll hits you with a +2 spear of flaming.
The gnoll burns you. The orc hits you but does no damage.
Unknown command.
You shred the net and break free!
The gnoll hits you with a +2 spear of flaming.
The gnoll burns you. The orc hits you but does no damage.
The gnoll hits you with a +2 spear of flaming!
The gnoll burns you.
* * * LOW HITPOINT WARNING * * *
The gnoll hits you from afar with a +0 spear.
* * * LOW HITPOINT WARNING * * *
The orc hits you from afar with a +0 trident.
* * * LOW HITPOINT WARNING * * *
You climb upwards.
There is a stone staircase leading down here.
Unknown command.
You barely miss the gnoll.
The gnoll hits you with a +2 spear of flaming.
* * * LOW HITPOINT WARNING * * *
The gnoll burns you.
You die...

#..#####... ##.##
#... #..#### #...
##.....# #...
##......# #...
##..#....# #...
####..##....# #...
#.g.........######
#h........[.......
#####..........#..
#...##...).#..
#...##.....#.#
#...##.....#.#
#...##.....#.#
#...##.....#.#
#...##.....#.#
#...######'#..


You could see a gnoll.

Vanquished Creatures
  An adder (D:2)
  3 gnolls (D:2)
  A worm (D:2)
  3 endoplasms
  2 giant cockroaches (D:1)
  2 goblins
  3 hobgoblins
  3 jackals (D:1)
  3 quokkas
  A ball python (D:1)
  5 bats
  A frilled lizard (D:2)
  3 kobolds (D:1)
  2 rats
33 creatures vanquished.

Notes
Turn   | Place    | Note
-------+----------+-------------------------------------------
     0 | D:1      | floatRand the Draconian Shapeshifter began the quest for
                  | the Orb.
     0 | D:1      | Reached XP level 1. HP: 16/16 MP: 1/1
    99 | D:1      | Found a faded altar of an unknown god.
   130 | D:1      | Reached XP level 2. HP: 22/23 MP: 2/2
  1055 | D:2      | Reached XP level 3. HP: 17/28 MP: 3/3
  1141 | D:2      | Reached skill level 4 in Unarmed Combat
  1356 | D:2      | Reached XP level 4. HP: 35/35 MP: 4/4
  1657 | D:2      | HP: 1/35 [gnoll/+2 spear of flaming (3)]
  1657 | D:2      | Slain by a gnoll

Illustrated notes

Levels and vault maps discovered:
D:1:      dpeg_arrival_houses_and_road, layout_basic,
          hellmonk_ecumenical_altar_leap_of_faith
D:2:      layout_basic
D:3:      layout_rooms, mainiacjoe_overflow_boulevard, uniq_jessica

Skill      XL: |  1  2  3 |
---------------+----------+-----
Unarmed Combat | 4 |  4.4
Fighting       | |  1.1
Dodging        | |  1.7
Shapeshifting  | |  3.5

Action                     |  1- 3 |  4- 6 || total
---------------------------+-------+-------++-------
  Melee: Unarmed           |    77 |     3 ||    80
         Tailslap          |     6 |     1 ||     7
         Punch             |     2 |       ||     2
   Stab: Sleeping          |     1 |       ||     1
 Armour: Skin              |    22 |     9 ||    31
  Dodge: Dodged            |    49 |     4 ||    53

Table legend: (Time is in decaauts)
 A = Elapsed time spent in this place.
 B = Non-inter-level travel time spent in this place.
 C = Inter-level travel time spent in this place.
 D = Time resting spent in this place.
 E = Time spent auto-exploring this place.
 F = Levels seen in this place.
 G = Mean time per level.
                   A        B        C        D        E       F      G
               +--------+--------+--------+--------+--------+-----+--------+
         Total |   1651 |   1582 |     69 |    111 |   1123 |   3 |  550.3 |
       Dungeon |   1651 |   1582 |     69 |    111 |   1123 |   3 |  550.3 |
               +--------+--------+--------+--------+--------+-----+--------+

Top non-repeatable levels by time:
     D:2: 849 daAuts
     D:1: 787 daAuts
     D:3: 13 daAuts
